 Dungeon Crawl Stone Soup version 0.27.1 (webtiles) character file.

Game seed: 13594697819772372849

10920 Backf1st the Basher (level 11, -6/54 HPs)
             Began as a Vine Stalker Brigand on Aug 22, 2021.
             Was a Believer of Uskayaw.
             Mangled by Agnes (22 damage)
             ... on level 1 of the Snake Pit.
             The game lasted 01:47:23 (8829 turns).

Backf1st the Basher (Vine Stalker Brigand)          Turns: 8829, Time: 01:47:23

Health: -6/54      AC: 26    Str: 15    XL:     11   Next: 69%
Magic:  0/12       EV:  8    Int: 11    God:    Uskayaw [**....]
Gold:   145        SH:  0    Dex: 18    Spells: 9/10 levels left

rFire    + . .     SeeInvis .   T - +7 great sword (drain)
rCold    . . .     Faith    .   (shield currently unavailable)
rNeg     + . .     Spirit   +   R - +1 chain mail {rN+}
rPois    +         Reflect  .   k - +2 helmet
rElec    .         Harm     .   f - +2 cloak
rCorr    .         Rampage  .   M - +2 pair of gloves
Will     +....                  c - +0 pair of boots
Stlth    +.........             z - amulet of regeneration
HPRegen  3.18/turn              N - +4 ring of protection
MPRegen  0.13/turn              m - ring of protection from fire

@: lethally poisoned (-6 -> -6)
A: fangs 3, regeneration 2, magic shield, antimagic bite, no potion heal 2,
poison resistance
a: Renounce Religion, Stomp, Line Pass


You were on level 1 of the Snake Pit.
You worshipped Uskayaw.
Uskayaw was noncommittal.
You visited 4 branches of the dungeon, and saw 12 of its levels.
You also visited: Ice Cave.

You collected 629 gold pieces.
You spent 484 gold pieces at shops.

Inventory:

Hand Weapons
 u - a +1 whip of flaming
 w - a +3 dagger of flaming
 D - a +2 dire flail
 L - a +0 hand crossbow
 P - a +1 whip of electrocution
 T - a +7 great sword of draining (weapon)
Missiles
 d - 10 poisoned darts (quivered)
 e - 2 curare-tipped darts
 g - 93 sling bullets
 i - 196 arrows
 x - 6 boomerangs
 C - 34 bolts
 J - 12 atropa-tipped darts
Armour
 c - a +0 pair of boots (worn)
 f - a +2 cloak (worn)
 k - a +2 helmet (worn)
 G - a +0 plate armour
 M - a +2 pair of gloves (worn)
 R - a +1 chain mail of positive energy (worn)
 X - a scarf of invisibility
Magical Staves
 S - a staff of air
Jewellery
 m - a ring of protection from fire (right hand)
 z - an amulet of regeneration (around neck)
 N - a +4 ring of protection (left hand)
Wands
 a - a wand of mindburst (15)
 b - a wand of iceblast (9)
 l - a wand of flame (19)
 o - a wand of digging (6)
 B - a wand of charming (10)
 E - a wand of acid (9)
Scrolls
 t - a scroll of blinking
 K - a scroll of fear
 O - 6 scrolls of teleportation
 U - a scroll of identify
Potions
 h - 2 potions of cancellation
 j - 4 potions of heal wounds {unknown}
 n - a potion of might {unknown}
 p - 4 potions of magic
 q - a potion of attraction {unknown}
 s - 3 potions of curing
 v - a potion of haste {unknown}
 A - 2 potions of flight
 F - a potion of brilliance {unknown}
 H - 4 potions of lignification {unknown}
Miscellaneous
 V - a phantom mirror
 W - a phantom mirror
 Y - a box of beasts
 Z - a tin of tremorstones (2/2)


   Skills:
 + Level 4.7 Fighting
 + Level 2.8(4.5) Short Blades
 * Level 5.4(5.8) Long Blades
 - Level 8.1 Maces & Flails
 + Level 2.4(5.7) Slings
 + Level 1.3 Crossbows
 + Level 8.1(8.3) Throwing
 + Level 6.1 Armour
 + Level 3.6 Dodging
 + Level 7.4 Stealth
 + Level 1.5 Evocations


You had 9 spell levels left.
You knew the following spells:

 Your Spells              Type           Power      Damage    Failure   Level
a - Magic Dart            Conj           0%         1d3       99%         1

Your spell library contained the following spells:

 Spells                   Type           Power      Damage    Failure   Level
 Corona                   Hex            0%         N/A       99%         1
 Call Imp                 Summ           0%         N/A       100%        2
 Ensorcelled Hibernation  Hex/Ice        0%         N/A       100%        2
 Mephitic Cloud           Conj/Pois/Air  0%         N/A       100%        3
 Tukima's Dance           Hex            0%         N/A       100%        3
 Petrify                  Tmut/Erth      0%         N/A       100%        4
 Metabolic Englaciation   Hex/Ice        0%         N/A       100%        5
 Statue Form              Tmut/Erth      0%         N/A       100%        6


Dungeon Overview and Level Annotations

Branches:
Dungeon (8/15)             Temple (1/1) D:5            Lair (2/6) D:8
  Snake (1/4) Lair:2        IceCv (visited)
  Swamp: Lair:2-4    Shoals: Lair:2-4

Altars:
Ashenzari
Elyvilon
Fedhas
Gozag
Hepliaklqana
Kikubaaqudgha
Makhleb
Qazlal
Sif Muna
Trog
Uskayaw
Wu Jian
Yredelemnul
Zin
The Shining One

Shops:
D:7 ?   Snake:1 [

Annotations:
Snake:1 Agnes


Innate Abilities, Weirdness & Mutations

You have razor-sharp teeth.
You heal very quickly.
When hurt, damage is shared between your health and your magic reserves.
Your bite disrupts and absorbs the magic of your enemies.
Potions cannot restore your health.
Your system is resistant to poisons. (rPois)


Message History

Agnes hits you but does no damage.
Agnes hits you with a +3 lajatang of venom.
Unknown command.
Throw: 2 throwing nets
Press: ? - help, Q - select action, (/) - cycle Shift-Dir - straight line, f - Agnes
Aim: Agnes, wielding a +3 lajatang of venom and wearing a +0 robe (moderately wounded, lightly drained, 38% to hit)
You throw a throwing net. The throwing net closely misses Agnes.
You feel sick. Agnes closely misses you.
Throw: throwing net
Press: ? - help, Q - select action, (/) - cycle Shift-Dir - straight line, f/p - Agnes
Aim: Agnes, wielding a +3 lajatang of venom and wearing a +0 robe (moderately wounded, lightly drained, 36% to hit)
You throw a throwing net. The throwing net hits Agnes.
Agnes is caught in the net!
Agnes is moderately wounded.
You feel sick.
Agnes struggles against the net.
You catch the helpless Agnes completely off-guard!
You hit Agnes. You bite Agnes. You drain her power.
You feel invigorated.
Agnes is moderately wounded.
You feel sick.
Agnes struggles against the net. x2
The net rips apart, and Agnes comes free!
Agnes hits you but does no damage.
Your chain mail prevents you from hitting Agnes.
Agnes is moderately wounded.
You feel sick.
Agnes hits you with a +3 lajatang of venom.
Agnes hits you but does no damage.
You are more poisoned.
You completely miss Agnes. Your bite misses Agnes.
Agnes is moderately wounded.
You feel very sick.
Agnes hits you with a +3 lajatang of venom!
* * * LOW HITPOINT WARNING * * *
Agnes barely misses you.
You riposte.
You barely miss Agnes. Your bite misses Agnes.
Agnes is moderately wounded.
Agnes hits you but does no damage.
You are more poisoned.
You feel very sick.
Agnes hits you with a +3 lajatang of venom!!
You die...

............#..........#
...........##..........#
...?..#######..........#
......#*****#####.######
........,,,,,* #.#
,,,,,,>!.,,,,* #.#
,,,,,,,...,,,* #.#
,,,,,,,....,,####.#
,,,,*,,.....,#.i@.#
,,,,,,,...>..#†####
,,***,,........#
,,,**,,.......##
,,,,*,,....(.#*
,,,>,,*..###.*
,,,**,*#,*,..***
,,,**,,,,,..,,,*
,,,,*****.#.,,,*


You could see Agnes (drained).

Vanquished Creatures
  A hydra (D:7)
  A naga sharpshooter (Snake:1)
  The ghost of SeagullWaffle the Grappler, a novice TrHu of Okawaru (D:7)
  Pikel (D:4)
  A manticore (D:7)
  An ugly thing (D:7)
  2 cyclopes (D:7)
  2 black mambas (Snake:1)
  2 cane toads (Lair:1)
  An unseen horror (D:8)
  A komodo dragon (Lair:1)
  The ghost of Tungsten the Covered, an amateur GnWn of Cheibriados (D:4)
  The ghost of Crownlay the Chopper, an amateur HOFi (D:4)
  The ghost of MoonlitKnight the Spear-Bearer, an amateur MfGl of Ashenzari (D:4)
  A slime creature (D:7)
  A vampire (D:7)
  A shadow (D:7)
  A wyvern (Lair:2)
  A basilisk (Lair:1)
  3 nagas
  3 water moccasins
  A black bear (D:8)
  3 orc warriors (D:7)
  An ogre (D:6)
  A sky beast (D:6)
  2 necrophages (D:6)
  3 centaurs (D:7)
  3 lemures (D:4)
  2 phantoms
  A kobold brigand (D:6)
  5 bullfrogs
  A gnoll sergeant (D:8)
  2 scorpions (D:4)
  A water moccasin zombie (D:6)
  The ghost of MajorAdolf the Skirmisher, a weakling NaWn (D:4)
  7 wights
  An elephant simulacrum (IceCv)
  3 killer bees (D:7)
  A bullfrog zombie (D:6)
  2 jellies
  6 centaur zombies
  2 hounds
  A gnoll shaman (D:3)
  An orc priest (D:8)
  A human zombie (D:6)
  5 iguanas
  A centaur skeleton (D:7)
  An orc wizard (D:4)
  A scorpion zombie (D:4)
  A killer bee zombie (D:6)
  A hound skeleton (D:4)
  3 mummies (D:6)
  2 howler monkey zombies (D:7)
  12 gnolls
  10 adders
  4 shadow imps
  16 white imps
  A worm (D:3)
  4 dart slugs
  14 orcs
  7 endoplasms
  2 giant cockroaches
  7 goblins
  5 hobgoblins
  3 jackals (D:2)
  5 quokkas
  12 ball pythons
  2 bats
  4 frilled lizards
  16 kobolds
  A quokka skeleton (D:4)
  3 rats
223 creatures vanquished.

Vanquished Creatures (others)
  3 fungi (Lair:1)
  2 plants
5 creatures vanquished.

Grand Total: 228 creatures vanquished

Notes
Turn   | Place    | Note
-------+----------+-------------------------------------------
     0 | D:1      | Backf1st the Vine Stalker Brigand began the quest for the
                  | Orb.
     0 | D:1      | Reached XP level 1. HP: 11/11 MP: 2/2
    78 | D:1      | Reached skill level 5 in Stealth
   198 | D:1      | Reached XP level 2. HP: 15/15 MP: 3/3
   281 | D:1      | Learned a level 1 spell: Magic Dart
   590 | D:2      | Reached XP level 3. HP: 18/18 MP: 4/4
  1332 | D:3      | Reached skill level 1 in Slings
  1332 | D:3      | Gained mutation: Your natural rate of healing is unusually
                  | fast. [Vine Stalker growth]
  1332 | D:3      | Reached XP level 4. HP: 22/23 MP: 3/5
  1745 | D:3      | Found a hide-covered altar of Uskayaw.
  1779 | D:3      | Became a worshipper of Uskayaw the Reveller
  1985 | D:4      | Reached * piety under Uskayaw
  1992 | D:4      | Reached ** piety under Uskayaw
  2039 | D:4      | Reached *** piety under Uskayaw
  2040 | D:4      | Reached XP level 5. HP: 27/27 MP: 4/6
  2409 | D:3      | Reached skill level 1 in Dodging
  2804 | D:4      | Reached skill level 1 in Armour
  2804 | D:4      | Reached XP level 6. HP: 26/32 MP: 2/7
  2963 | D:4      | Found a runed translucent gate.
  2964 | D:4      | Found a runed translucent gate.
  2965 | D:4      | Found a runed translucent gate.
  2966 | D:4      | Noticed Tungsten's ghost (amateur GnWn)
  2966 | D:4      | Noticed MoonlitKnight's ghost (amateur MfGl)
  2967 | D:4      | Noticed Crownlay's ghost (amateur HOFi)
  2967 | D:4      | Noticed MajorAdolf's ghost (weakling NaWn)
  3243 | D:4      | Found a shimmering blue altar of Sif Muna.
  3357 | D:5      | Entered Level 5 of the Dungeon
  3494 | D:5      | Reached XP level 7. HP: 33/35 MP: 3/8
  3659 | D:5      | Found a staircase to the Ecumenical Temple.
  3679 | Temple   | Entered the Ecumenical Temple
  3809 | D:5      | Found a stormy altar of Qazlal.
  4102 | D:6      | Reached **** piety under Uskayaw
  4209 | D:6      | Reached skill level 1 in Crossbows
  4286 | D:6      | Gained mutation: You have razor-sharp teeth. [Vine Stalker
                  | growth]
  4286 | D:6      | Reached XP level 8. HP: 40/40 MP: 7/9
  4309 | D:6      | Reached skill level 1 in Maces & Flails
  4411 | D:6      | Found an ancient bone altar of Kikubaaqudgha.
  5027 | D:7      | Reached skill level 5 in Throwing
  5027 | D:7      | Reached XP level 9. HP: 41/44 MP: 10/10
  5136 | D:7      | Noticed SeagullWaffle's ghost (novice TrHu)
  5360 | D:4      | Killed MajorAdolf's ghost
  5399 | D:4      | Killed Crownlay's ghost
  5400 | D:4      | Reached skill level 5 in Maces & Flails
  5532 | D:4      | Killed Tungsten's ghost
  5615 | D:4      | Killed MoonlitKnight's ghost
  5669 | D:4      | Noticed Pikel
  5689 | D:4      | Killed Pikel
  5690 | D:4      | Reached XP level 10. HP: 39/49 MP: 8/11
  6081 | D:7      | Found Dacez's Magic Scroll Emporium.
  6084 | D:7      | Bought a scroll of enchant weapon for 105 gold pieces
  6084 | D:7      | Bought a scroll of enchant weapon for 105 gold pieces
  6084 | D:7      | Bought a scroll of fear for 49 gold pieces
  6222 | D:7      | Noticed a cyclops
  6236 | D:7      | Killed a cyclops
  6274 | D:7      | Noticed a manticore
  6280 | D:7      | Noticed a cyclops
  6282 | D:7      | Noticed a seven-headed hydra
  6285 | D:7      | Noticed a cyan ugly thing
  6285 | D:7      | Killed a cyclops
  6285 | D:7      | Killed a manticore
  6285 | D:7      | Reached ***** piety under Uskayaw
  6286 | D:7      | Reached skill level 5 in Armour
  6287 | D:7      | Killed a cyan ugly thing
  6288 | D:7      | Killed a seven-headed hydra
  6289 | D:7      | Reached skill level 1 in Evocations
  6670 | D:7      | Found a runed translucent gate.
  6670 | D:7      | Found a runed translucent gate.
  6672 | D:7      | Found a runed translucent gate.
  6674 | D:7      | Found an opulent altar of Gozag.
  6853 | D:7      | Gained mutation: Your system is resistant to poisons.
                  | (rPois) [potion of mutation]
  6853 | D:7      | Gained mutation: You heal very quickly. [potion of
                  | mutation]
  6933 | D:7      | Reached XP level 11. HP: 52/53 MP: 10/12
  6950 | D:7      | Reached skill level 1 in Long Blades
  6957 | D:7      | Killed SeagullWaffle's ghost
  7372 | D:8      | Found a staircase to the Lair.
  7991 | Lair:1   | Entered Level 1 of the Lair of Beasts
  7994 | Lair:1   | Found a frozen archway.
  8524 | IceCv    | Entered an ice cave
  8598 | Lair:2   | Found a staircase to the Snake Pit.
  8679 | Snake:1  | Entered Level 1 of the Snake Pit
  8727 | Snake:1  | Noticed a naga sharpshooter
  8751 | Snake:1  | Killed a naga sharpshooter
  8752 | Snake:1  | Reached skill level 5 in Long Blades
  8762 | Snake:1  | Found Vuwirod's Antique Armour Emporium.
  8770 | Snake:1  | Bought a shiny helmet for 225 gold pieces
  8815 | Snake:1  | Noticed Agnes
  8829 | Snake:1  | Mangled by Agnes

Illustrated notes

Levels and vault maps discovered:
D:1:      sevenhm_arrival_forest_fort_small_6, layout_loops_ring, hex_medium
D:2:      layout_basic
D:3:      layout_basic, eat_drink_and_be_merry_uskayaw,
          amethyst_overflow_temple_binary
D:4:      layout_basic, led_sif_pool, gammafunk_ghost_cemetery,
          grunt_ministairs_4, chequers_serial_rivers_room_b,
          lightli_corner_chamber, uniq_pikel
D:5:      layout_rooms, mainiacjoe_overflow_paths,
          minmay_temple_entry_overgrown, serial_bayou_lagoon_a
D:6:      layout_basic, lemuel_mausoleum_altar_kikubaaqudgha
D:7:      minmay_the_grid_square_5x5_3x3 [minmay_the_grid_square_5x5_slash,
          minmay_the_grid_square_5x5_comb, minmay_the_grid_square_5x5_minimal,
          minmay_the_grid_square_5x5_three_small,
          minmay_the_grid_square_5x5_megaprize_open,
          minmay_the_grid_square_5x5_three, minmay_the_grid_square_5x5_mess,
          minmay_the_grid_square_5x5_shrine2, minmay_the_grid_square_5x5_meh],
          layout_cave_pods, lemuel_crystal_altar, serial_shops,
          nicolae_shop_behind_doors, gammafunk_ghost_split, minmay_diced_spiral
D:8:      layout_layer_cave, lair_entry_dummy
Temple:   dpeg_chambers_temple
Lair:1:   layout_gridlike, portal_ice_cave_entry_imps, hibernation_bobbens
Lair:2:   nzn_winding_woodlands_stair_cross [nzn_winding_woodlands_5x15_pool,
          nzn_winding_woodlands_center_diamonds,
          nzn_winding_woodlands_5x15_default, nzn_winding_woodlands_5x5_default,
          nzn_winding_woodlands_5x5_cross, nzn_winding_woodlands_5x15_default,
          nzn_winding_woodlands_center_lodge,
          nzn_winding_woodlands_5x15_river_crossing], layout_chaotic_city,
          guppyfry_snake_entry_island, ebering_ghost_disaster_area,
          serial_bayou_ford_a, st_stairs_12, serial_bayou_shore_b, uniq_maggie,
          uniq_harold
Snake:1:  layout_rooms, serial_shops, shop, uniq_agnes

Skill      XL: |  1  2  3  4  5  6  7  8  9 10 11 |
---------------+----------------------------------+-----
Stealth        | 5 6 7 |  7.4
Fighting       | 2 3 4 |  4.7
Short Blades   | 2 |  2.8
Throwing       | 2 3 4 5 6 7 8 |  8.1
Slings         | 1 2 |  2.4
Dodging        | 1 2 3 |  3.6
Armour         | 1 2 3 4 5 6 |  6.1
Crossbows      | 1 |  1.3
Maces & Flails | 4 5 8 |  8.1
Evocations     | 1 |  1.5
Long Blades    | 5 |  5.4

Action                   |  1- 3 |  4- 6 |  7- 9 | 10-12 || total
-------------------------+-------+-------+-------+-------++-------
Melee: Dagger            |    46 |   120 |    28 |       ||   194
       Bite              |    12 |    38 |    91 |    75 ||   216
       Whip              |       |       |   220 |    21 ||   241
       Dire flail        |       |       |       |    36 ||    36
       Great sword       |       |       |       |   125 ||   125
 Fire: Hunting sling     |    31 |    24 |       |       ||    55
       Hand crossbow     |       |       |     8 |       ||     8
Throw: Dart              |    13 |       |    34 |    12 ||    59
       Boomerang         |       |    64 |    68 |    73 ||   205
       Throwing net      |       |       |       |     3 ||     3
 Cast: Magic Dart        |     2 |       |       |       ||     2
Invok: Stomp             |       |     7 |    14 |     7 ||    28
       Line Pass         |       |       |     1 |       ||     1
Evoke: Wand              |       |       |     1 |     9 ||    10
  Use: Scroll            |     3 |     3 |     8 |     6 ||    20
       Potion            |       |     1 |       |     2 ||     3
 Stab: Sleeping          |     2 |       |     4 |       ||     6
       Distracted        |       |     1 |       |       ||     1
       Paralysed         |       |       |     5 |     4 ||     9
       Held in net/web   |       |       |       |     1 ||     1
Armor: Robe              |    14 |       |       |       ||    14
       Leather armour    |     1 |    30 |       |       ||    31
       Scale mail        |       |    14 |   138 |    63 ||   215
       Chain mail        |       |       |       |   112 ||   112
Dodge: Dodged            |    24 |   103 |   112 |    92 ||   331
       Rpst.: Great sword |       |       |       |    12 ||    12
